 Dungeon Crawl Stone Soup version 0.30-a0-913-g9934a0ce24 (webtiles) character file.

Game seed: 17210250442411520225

19583 Lobster4 the Frost Mage (level 13, -22/85 (98) HPs)
             Began as a Human Ice Elementalist on Mar 19, 2023.
             Was an Elder of Nemelex Xobeh.
             Annihilated by a pharaoh ant (30 damage)
             ... on level 3 of the Lair of Beasts.
             The game lasted 00:54:14 (16325 turns).

Lobster4 the Frost Mage (Human Ice Elementalist)   Turns: 16325, Time: 00:54:15

HP:   -22/85 (98)   AC: 20    Str: 17    XL:     13   Next: 5%
MP:   14/20         EV: 14    Int: 24    God:    Nemelex Xobeh [****..]
Gold: 883           SH:  0    Dex: 14    Spells: 11/22 levels left

rFire   . . .      SeeInvis .    a - +5 short sword "Umar" {freeze, +Blink}
rCold   . . .      Faith    .    (no shield)
rNeg    . . .      Spirit   .    W - +0 steam dragon scales
rPois   +          Reflect  .    o - +0 helmet
rElec   .          Rampage  .    (no cloak)
rCorr   +                        K - +1 pair of gloves
Will    ++...                    k - +0 pair of boots
Stlth   ++                       (no amulet)
HPRegen 0.34/turn                i - ring of poison resistance
MPRegen 0.17/turn                t - ring of Hosmupeu {Will++ rCorr Str+6 Int+6}

@: ice-armoured, freezing walls, heavily drained
A: no striking features
a: Renounce Religion, Evoke Blink, Draw Escape, Draw Destruction, Draw
Summoning, Triple Draw, Deal Four


You were on level 3 of the Lair of Beasts.
You worshipped Nemelex Xobeh.
Nemelex Xobeh was greatly pleased with you.
You visited 3 branches of the dungeon, and saw 14 of its levels.
You also visited: Ossuary and Bailey.

You collected 883 gold pieces.

Inventory:

Hand Weapons
 a - the +5 short sword "Umar" (weapon) {freeze, +Blink}
   (You found it on level 2 of the Dungeon)

   +Blink:    It lets you blink.
 b - the +8 shortbow of Xaocuix {heavy, rElec}
   (You took it off an orc on level 7 of the Dungeon)

   rElec:     It insulates you from electricity.
 s - a +3 scimitar of flaming
 M - a +0 sling
 P - a +0 shortbow of flaming
Missiles
 z - a curare-tipped dart
 G - 2 javelins
 R - 11 poisoned darts
 V - 21 boomerangs (quivered)
Armour
 k - a +0 pair of boots (worn)
 o - a +0 helmet (worn)
 F - a +1 ring mail of willpower
 K - a +1 pair of gloves (worn)
 W - +0 steam dragon scales (worn)
Jewellery
 i - a ring of poison resistance (left hand)
 j - a +4 ring of protection
 m - a ring of positive energy
 p - a ring of see invisible
 t - the ring of Hosmupeu (right hand) {Will++ rCorr Str+6 Int+6}
   (You acquired it on level 9 of the Dungeon)

   [ring of strength]

   Str:       It affects your strength (+6).
   Int:       It affects your intelligence (+6).
   rCorr:     It protects you from acid and corrosion.
   Will:      It greatly increases your willpower.
 C - an amulet of guardian spirit
 O - a ring of fire
Wands
 r - a wand of paralysis (11)
 v - a wand of flame (64)
 B - a wand of roots (10)
 D - a wand of polymorph (5)
Scrolls
 e - 2 scrolls of fear
 g - 6 scrolls of teleportation
 q - 4 scrolls of enchant armour
 w - a scroll of fog
 x - a scroll of silence {unknown}
 y - a scroll of poison {unknown}
 H - a scroll of magic mapping
 I - a scroll of blinking {unknown}
 L - a scroll of enchant weapon {unknown}
Potions
 c - a potion of might
 d - 5 potions of heal wounds
 f - 2 potions of mutation
 h - a potion of haste
 l - 3 potions of lignification
 n - a potion of magic
 u - 7 potions of curing
 A - 2 potions of flight
 E - a potion of berserk rage
 J - 7 potions of brilliance
 N - 2 potions of invisibility
 Q - 4 potions of cancellation {unknown}
 T - 2 potions of resistance
 X - a potion of ambrosia


   Skills:
 + Level 7.9 Fighting
 - Level 4.0 Short Blades
 + Level 6.8 Ranged Weapons
 - Level 2.0 Throwing
 + Level 7.7 Armour
 - Level 6.0 Dodging
 - Level 3.0 Stealth
 - Level 5.0 Spellcasting
 - Level 3.0 Hexes
 - Level 3.0 Transmutations
 + Level 8.9 Ice Magic
 - Level 5.0 Earth Magic
 - Level 5.0 Invocations
 + Level 6.5 Evocations


You had 11 spell levels left.
You knew the following spells:

 Your Spells              Type           Power      Damage    Failure   Level
a - Freeze                Ice            100%       1d10      1%          1
b - Frozen Ramparts       Ice            96%        1d15      1%          3
c - Passwall              Tmut/Erth      20%        N/A       2%          2
d - Ozocubu's Armour      Ice            48%        N/A       1%          3
e - Ensorcelled Hibernat  Hex/Ice        68%        N/A       1%          2

Your spell library contained the following spells:

 Spells                   Type           Power      Damage    Failure   Level
 Apportation              Tloc           12%        N/A       9%          1
 Necrotise                Necr           24%        1d5       9%          1
 Summon Small Mammal      Summ           24%        N/A       9%          1
 Portal Projectile        Hex/Tloc       26%        N/A       14%         3
 Summon Ice Beast         Ice/Summ       27%        N/A       14%         4
 Leda's Liquefaction      Hex/Erth       12%        N/A       17%         4
 Call Canine Familiar     Summ           6%         N/A       26%         3
 Swiftness                Air            6%         N/A       26%         3
 Vhi's Electric Charge    Tloc/Air       12%        N/A       26%         3
 Animate Armour           Summ/Erth      36%        N/A       30%         4
 Blade Hands              Tmut           10%        N/A       56%         5
 Arcjolt                  Conj/Air       3%         1d13      94%         5
 Iron Shot                Conj/Erth      9%         9d3       99%         6
 Conjure Ball Lightning   Conj/Air       3%         3x3d6     100%        6
 Discord                  Hex            10%        N/A       100%        8
 Disjunction              Tloc           3%         N/A       100%        8
 Maxwell's Capacitive Co  Air            3%         ∞         100%        8


Dungeon Overview and Level Annotations

Branches:
Dungeon (10/15)            Temple (1/1) D:6            Lair (3/5) D:9
 Shoals (0/4) Lair:2       Spider (0/4) Lair:3          Orc (0/2) D:9
Ossuary (visited)          Bailey (visited)

Altars:
Ashenzari
Cheibriados
Dithmenos
Elyvilon
Fedhas
Gozag
Hepliaklqana
Kikubaaqudgha
Makhleb
Nemelex Xobeh
Okawaru
Qazlal
Ru
Sif Muna
Trog
Uskayaw
Vehumet
Wu Jian
Xom
Yredelemnul
Zin
The Shining One

Portals:
Abyss: D:5

Annotations:
D:5 2 transporters, pigah's ghost, novice OpWn
Lair:3 2 transporters, Kooropp's ghost, journeyman MiHu


Message History

a jumping spider corpse; a tarantella corpse The pharaoh ant gives a chilling moan.
You shoot an arrow. The arrow hits the pharaoh ant!
The pharaoh ant is moderately damaged.
A blink frog comes into view. x2
Things that are here:
a jumping spider corpse; a tarantella corpse The pharaoh ant closely misses you.
The +5 short sword "Umar" {freeze, +Blink} glows with a cold blue light!
a - the +5 short sword "Umar" (weapon)
{freeze, +Blink}
Casting: Frozen Ramparts (safe; 1% risk of failure)
Confirm with . or Enter, or press ? or * to list all spells.
A film of ice covers your body!
The pharaoh ant bites you but does no damage.
The pharaoh ant bites you!!
You feel drained.
Unknown command.
Casting: Ozocubu's Armour (safe; 1% risk of failure)
Confirm with . or Enter, or press ? or * to list all spells.
Casting: Frozen Ramparts (safe; 1% risk of failure)
Press: ? - help, Dir - look around, f - activate The walls around you are covered in ice.
The wall freezes the pharaoh ant.
The pharaoh ant misses you.
You completely miss the pharaoh ant.
The pharaoh ant is lightly damaged.
The wall freezes the pharaoh ant.
The pharaoh ant bites you!!
You feel drained.
You hit the pharaoh ant. You freeze the pharaoh ant.
The pharaoh ant is moderately damaged.
The wall freezes the pharaoh ant.
The pharaoh ant barely misses you.
You barely miss the pharaoh ant.
The pharaoh ant is moderately damaged.
The wall freezes the pharaoh ant.
The pharaoh ant misses you.
You hit the pharaoh ant. You freeze the pharaoh ant.
The pharaoh ant is heavily damaged.
The wall freezes the pharaoh ant.
The pharaoh ant bites you!!
* * * LOW HITPOINT WARNING * * *
You feel drained.
* * * LOW HITPOINT WARNING * * *
The wall freezes the pharaoh ant.
The pharaoh ant bites you!!
You die...
Your body disappears without a glow.

....###........#
#. #........#P..#
##. ..#.........#
#.. #.......#.###
##. ........###
#.. .#......# #.
#.......# ##.
#......B## #..
#.......@# #.
##......#### #.
#........#.# ##
##.
#........#.##.P#.#
.##..
##................
.....
#................
.....
#................
.....
##....)...........
.....
#.................
.....


You could see a pharaoh ant.

Vanquished Creatures
  An orc warlord (Bailey)
  A hydra (Lair:2)
  Pikel (D:6)
  10 elephants (Lair:1)
  A manticore (Lair:2)
  A cyclops (D:10)
  2 black mambas (Lair:1)
  A torpor snail (Lair:1)
  2 komodo dragons (Lair:1)
  6 cane toads
  A rime drake (Lair:2)
  Grinder (D:3)
  A tarantella (Lair:3)
  A wind drake (Lair:2)
  Sigmund (D:6)
  2 jumping spiders (Lair:3)
  A basilisk (Lair:2)
  18 yaks
  A redback (Lair:1)
  2 steam dragons
  11 water moccasins
  Menkaure (D:5)
  2 ice beasts
  5 orc warriors
  A sky beast (D:8)
  2 black bears (D:9)
  An ogre (D:5)
  A lemure (D:5)
  9 wolves
  2 centaurs
  3 kobold brigands
  A phantom (D:6)
  Blork the orc (D:5)
  7 bullfrogs
  4 scorpions
  4 wights (D:9)
  12 killer bees (D:9)
  4 howler monkeys
  2 hounds (D:5)
  3 human zombies (Ossuary)
  2 jellies
  5 orc priests
  Jessica (D:3)
  A gnoll bouda (D:8)
  3 iguanas
  2 sleepcaps
  5 orc wizards
  2 hound zombies (Ossuary)
  4 mummies (Ossuary)
  11 gnolls
  6 adders
  A shadow imp (D:6)
  2 white imps (D:6)
  2 ufetubi (D:5)
  4 worms
  6 dart slugs
  40 orcs
  6 endoplasms
  2 giant cockroaches
  15 hobgoblins
  2 jackals (D:4)
  26 kobolds
  4 quokkas
  6 ball pythons
  4 bats
  3 frilled lizards
  16 goblins
  A goblin zombie (Ossuary)
  A hobgoblin zombie (Ossuary)
  A kobold zombie (Ossuary)
  2 orc zombies (Ossuary)
  2 rats
  2 rat zombies (Ossuary)
321 creatures vanquished.

Vanquished Creatures (others)
  56 fungi
  63 plants
119 creatures vanquished.

Grand Total: 440 creatures vanquished

Notes
Turn   | Place    | Note
-------+----------+-------------------------------------------
     0 | D:1      | Lobster4 the Human Ice Elementalist began the quest for the
                  | Orb.
     0 | D:1      | Reached XP level 1. HP: 13/13 MP: 3/3
    84 | D:1      | Reached XP level 2. HP: 9/19 MP: 0/5
   574 | D:1      | Reached XP level 3. HP: 25/25 MP: 1/6
   671 | D:1      | Reached skill level 1 in Fighting
   671 | D:1      | Reached skill level 1 in Armour
   902 | D:2      | Identified the +5 short sword "Umar" {freeze, +Blink}
  1050 | D:2      | Reached XP level 4. HP: 32/32 MP: 7/7
  1624 | D:2      | Learned a level 3 spell: Frozen Ramparts
  1628 | D:2      | Learned a level 3 spell: Ozocubu's Armour
  1791 | D:3      | Reached XP level 5. HP: 20/37 MP: 8/8
  1801 | D:3      | Reached skill level 1 in Ranged Weapons
  1933 | D:3      | Noticed Grinder
  2058 | D:3      | Found a radiant altar of Vehumet.
  2344 | D:3      | Reached skill level 1 in Short Blades
  2381 | D:3      | Reached XP level 6. HP: 44/44 MP: 9/9
  2438 | D:3      | Paralysed by Grinder for 4 turns
  2444 | D:3      | Killed Grinder
  2445 | D:3      | Reached skill level 1 in Evocations
  2445 | D:3      | Reached XP level 7. HP: 50/50 MP: 9/11
  2553 | D:3      | Noticed Jessica
  2558 | D:3      | Killed Jessica
  2759 | D:4      | Found a sand-covered staircase.
  2777 | D:4      | Learned a level 2 spell: Passwall
  2779 | Ossuary  | Entered an ossuary
  3152 | D:4      | Reached skill level 1 in Transmutations
  3515 | D:4      | Reached skill level 1 in Earth Magic
  3515 | D:4      | Reached XP level 8. HP: 55/57 MP: 10/12
  3925 | D:5      | Entered Level 5 of the Dungeon
  4001 | D:5      | Noticed Blork the orc
  4010 | D:5      | Killed Blork the orc
  4092 | D:5      | Found a transporter.
  4111 | D:5      | Noticed Menkaure
  4118 | D:5      | Killed Menkaure
  4119 | D:5      | Reached skill level 5 in Ice Magic
  4178 | D:5      | Found a transporter.
  4270 | D:5      | Found a one-way gate to the infinite horrors of the Abyss.
  4696 | D:5      | Learned a level 2 spell: Ensorcelled Hibernation
  4883 | D:5      | Found a sacrificial altar of Ru.
  4904 | D:5      | Noticed pigah's ghost (novice OpWn)
  5259 | D:6      | Noticed Pikel
  5393 | D:6      | Found a staircase to the Ecumenical Temple.
  5402 | Temple   | Entered the Ecumenical Temple
  5482 | Temple   | Became a worshipper of Nemelex Xobeh the Trickster
  5520 | D:6      | Killed Pikel
  5521 | D:6      | Reached skill level 1 in Hexes
  5521 | D:6      | Reached skill level 1 in Invocations
  5521 | D:6      | Reached XP level 9. HP: 46/65 MP: 5/13
  5770 | D:6      | Noticed Sigmund
  5786 | D:6      | Killed Sigmund
  6236 | D:6      | Found a hide-covered altar of Uskayaw.
  6810 | D:7      | Identified the +8 shortbow of Xaocuix {heavy, rElec}
  6923 | D:7      | Found an opulent altar of Gozag.
  7403 | D:7      | Reached * piety under Nemelex Xobeh
  7577 | D:7      | Reached XP level 10. HP: 73/73 MP: 10/14
  7735 | D:7      | Found a burning altar of Makhleb.
  7735 | D:7      | Noticed a balrug
  7738 | D:7      | Noticed an orange demon
  7949 | D:7      | Reached skill level 6 in Ice Magic
  8001 | D:7      | Found an ancient bone altar of Kikubaaqudgha.
  8002 | D:7      | Found a basalt altar of Yredelemnul.
  8009 | D:7      | Found a glowing silver altar of Zin.
  8009 | D:7      | Found a blossoming altar of Fedhas.
  8011 | D:7      | Found a shimmering altar of Xom.
  8725 | D:8      | Received a gift from Nemelex Xobeh
  8996 | D:8      | Found a stormy altar of Qazlal.
  9163 | D:9      | Found a flagged portal.
  9187 | D:9      | Reached skill level 5 in Dodging
  9293 | Bailey   | Entered a bailey
  9293 | Bailey   | Reached ** piety under Nemelex Xobeh
  9345 | Bailey   | Noticed an orc warlord
  9629 | Bailey   | Found a runed translucent gate.
  9630 | Bailey   | Found a runed translucent gate.
  9632 | Bailey   | Found a runed translucent gate.
  9820 | Bailey   | Killed an orc warlord
  9821 | Bailey   | Reached skill level 5 in Fighting
  9821 | Bailey   | Reached skill level 1 in Throwing
  9821 | Bailey   | Reached skill level 5 in Armour
 10258 | D:9      | Received a gift from Nemelex Xobeh
 10547 | D:9      | Reached XP level 11. HP: 75/77 MP: 7/16
 10864 | D:9      | Reached skill level 5 in Evocations
 10959 | D:9      | Reached skill level 7 in Ice Magic
 11079 | D:9      | Found a staircase to the Lair.
 11162 | D:9      | Received a gift from Nemelex Xobeh
 11343 | D:9      | Found a staircase to the Orcish Mines.
 11558 | D:9      | Acquired the ring of Hosmupeu {Will++ rCorr Str+6 Int+6}
 11582 | D:10     | Entered Level 10 of the Dungeon
 11588 | D:10     | Found an ornate altar of the Wu Jian Council.
 11732 | D:10     | Noticed a cyclops
 11751 | D:10     | Killed a cyclops
 12358 | D:10     | Found a shimmering blue altar of Sif Muna.
 12516 | Lair:1   | Entered Level 1 of the Lair of Beasts
 12516 | Lair:1   | Reached *** piety under Nemelex Xobeh
 12566 | Lair:1   | Reached skill level 5 in Invocations
 12652 | Lair:1   | Noticed an elephant
 12670 | Lair:1   | Killed an elephant
 12680 | Lair:1   | Noticed an elephant
 12699 | Lair:1   | Killed an elephant
 12700 | Lair:1   | Reached skill level 5 in Earth Magic
 12701 | Lair:1   | Noticed an elephant
 12736 | D:9      | Reached skill level 5 in Ranged Weapons
 12925 | Lair:1   | Killed an elephant
 12926 | Lair:1   | Reached XP level 12. HP: 83/89 MP: 17/19
 12950 | Lair:1   | Received a gift from Nemelex Xobeh
 13001 | Lair:1   | Noticed Erica
 13014 | Lair:1   | Reached skill level 5 in Spellcasting
 13484 | Lair:1   | Received a gift from Nemelex Xobeh
 13521 | Lair:1   | Erica changed into Erica the redback
 13521 | Lair:1   | Noticed Erica
 13527 | Lair:1   | Killed Erica the redback
 13595 | Lair:1   | Reached skill level 8 in Ice Magic
 14425 | Lair:2   | Noticed a five-headed hydra
 14438 | Lair:2   | Killed a five-headed hydra
 14873 | Lair:2   | Reached **** piety under Nemelex Xobeh
 15011 | Lair:2   | Found a staircase to the Shoals.
 15272 | Lair:2   | Received a gift from Nemelex Xobeh
 15579 | Lair:3   | Found a transporter.
 15628 | Lair:3   | Found a transporter.
 15631 | Lair:3   | Noticed Kooropp's ghost (journeyman MiHu)
 15632 | Lair:3   | Noticed a death yak
 15635 | Lair:3   | Noticed a boulder beetle
 15839 | Lair:3   | Received a gift from Nemelex Xobeh
 15890 | Lair:3   | Reached XP level 13. HP: 25/98 MP: 13/20
 16206 | Lair:3   | Found a hole to the Spider Nest.
 16325 | Lair:3   | Annihilated by a pharaoh ant

Illustrated notes

Levels and vault maps discovered:
D:1:      lightli_arrival_noodles, layout_basic, chequers_serial_rivers_room_b,
          chequers_serial_rivers_small_3, interstate_on_off,
          hangedman_abyss_or_decor_stabs, hangedman_decor_diamond_cutter,
          chequers_serial_rivers_small_3
D:2:      layout_loops_ring
D:3:      layout_rooms, vehumet_altar_wand_db, nicolae_titane, uniq_grinder,
          uniq_jessica
D:4:      layout_cave_pods, serial_park, serial_park_tiny_1, serial_park_square1
          [serial_park_minivault_5x5_4], serial_park_square1
          [serial_park_minivault_5x5_6], serial_park_square2, enter_ossuary_1
D:5:      layout_basic, nicolae_ru_path_of_blood,
          gammafunk_ghost_abyssal_escape, uniq_menkaure, uniq_blork_the_orc
D:6:      layout_gridville, nicolae_uskayaw_murder_on_the_dancefloor,
          minmay_temple_entry_statues_fountains, uniq_sigmund, uniq_pikel
D:7:      layout_layer_cave, minitemple, makhleb_altar_promises_db
D:8:      layout_basic, nicolae_qazlal_scattered_showers
D:9:      layout_long_grid, due_lair_maze_entry_diamond, hiddenorc1_lemuel,
          enter_bailey_5, blue_anna_alchemist
D:10:     layout_basic, nicolae_overflow_crystal_walls,
          mainiacjoe_overflow_tiny_flanked
Temple:   compressed_dpeg_triangle_lava_temple
Lair:1:   layout_gridlike, gauntlet_entry_generic, lemuel_fruit_tree,
          grunt_megastairs_1, uniq_erica
Lair:2:   layout_cave_pods, minmay_shoals_entry_beasts,
          chequers_serial_rivers_micro_c
Lair:3:   layout_big_grid, nicolae_spider_entry_lesser_pyramids,
          gammafunk_ghost_arena

Skill      XL: |  1  2  3  4  5  6  7  8  9 10 11 12 |
---------------+-------------------------------------+-----
Fighting       | 1 2 3 4 5 6 7 |  7.9
Armour         | 1 2 3 4 5 6 7 |  7.7
Ranged Weapons | 1 2 3 5 6 |  6.8
Short Blades   | 1 2 3 4 |  4.0
Stealth        | 3 |  3.0
Evocations     | 1 2 3 4 5 6 |  6.5
Dodging        | 3 4 5 6 |  6.0
Spellcasting   | 3 4 5 |  5.0
Transmutations | 1 2 3 |  3.0
Earth Magic    | 1 2 3 5 |  5.0
Ice Magic      | 5 6 7 8 |  8.9
Hexes          | 1 2 3 |  3.0
Invocations    | 1 2 3 5 |  5.0
Throwing       | 1 2 |  2.0

Action                     |  1- 3 |  4- 6 |  7- 9 | 10-12 | 13-15 || total
---------------------------+-------+-------+-------+-------+-------++-------
  Melee: Short sword       |    21 |    49 |   250 |   383 |     4 ||   707
         Punch             |       |     1 |     4 |     6 |       ||    11
   Fire: Sling             |    18 |    67 |   124 |    28 |       ||   237
         Shortbow          |       |       |       |   141 |    10 ||   151
  Throw: Boomerang         |       |       |       |    30 |       ||    30
         Dart              |       |       |       |    10 |       ||    10
         Throwing net      |       |       |       |     1 |       ||     1
   Cast: Freeze            |    31 |    11 |       |       |       ||    42
         Frozen Ramparts   |       |       |    23 |    84 |     4 ||   111
         Ozocubu's Armour  |       |       |    19 |    58 |     3 ||    80
 Invoke: Draw Destruction  |       |       |       |     2 |       ||     2
  Evoke: Wand              |       |     3 |    15 |    20 |       ||    38
    Use: Potion            |       |     4 |     1 |    10 |       ||    15
         Scroll            |       |     1 |     9 |    14 |     2 ||    26
   Stab: Sleeping          |     2 |     1 |     4 |     1 |       ||     8
         Paralysed         |       |       |       |     8 |       ||     8
         Distracted        |       |       |       |     1 |       ||     1
 Armour: Robe              |    13 |    11 |   151 |    24 |       ||   199
         Skin              |       |    17 |     1 |     8 |       ||    26
         Steam dragon scal |       |       |       |   180 |     4 ||   184
  Dodge: Dodged            |    27 |    22 |   255 |   330 |    15 ||   649

Table legend: (Time is in decaauts)
 A = Elapsed time spent in this place.
 B = Non-inter-level travel time spent in this place.
 C = Inter-level travel time spent in this place.
 D = Time resting spent in this place.
 E = Time spent auto-exploring this place.
 F = Levels seen in this place.
 G = Mean time per level.
                   A        B        C        D        E       F      G
               +--------+--------+--------+--------+--------+-----+--------+
         Total |  16376 |  15856 |    520 |   1427 |  11091 |  16 | 1023.5 |
       Dungeon |  11634 |  11158 |    476 |    623 |   8449 |  10 | 1163.4 |
        Temple |     98 |     81 |     17 |      0 |     38 |   1 |   98.0 |
          Lair |   3635 |   3608 |     27 |    591 |   2226 |   3 | 1211.7 |
       Ossuary |    346 |    346 |      0 |     92 |    124 |   1 |  346.0 |
        Bailey |    660 |    660 |      0 |    121 |    253 |   1 |  660.0 |
               +--------+--------+--------+--------+--------+-----+--------+

Top non-repeatable levels by time:
     D:9: 2066 daAuts
     D:7: 1803 daAuts
  Lair:1: 1720 daAuts
     D:5: 1314 daAuts
     D:6: 1158 daAuts
  Lair:2: 1063 daAuts
     D:3: 957 daAuts
     D:1: 903 daAuts
    D:10: 894 daAuts
     D:2: 867 daAuts
     D:4: 862 daAuts
  Lair:3: 851 daAuts
     D:8: 806 daAuts
  Bailey: 660 daAuts
 Ossuary: 346 daAuts
